 Dungeon Crawl Stone Soup version 0.24.1-5-g77f818bfca (webtiles) character file.

Game seed: 16943479500761678570, levelgen mode: deterministic

702 Curus the Basher (level 7, 0/56 HPs)
             Began as a Minotaur Gladiator on Apr 24, 2020.
             Succumbed to a scorpion's poison
             ... on level 5 of the Dungeon.
             The game lasted 00:14:26 (3235 turns).

Curus the Basher (Minotaur Gladiator)               Turns: 3235, Time: 00:14:27

Health: 0/56       AC:  4    Str: 19    XL:     7   Next: 38%
Magic:  6/6        EV: 12    Int:  7    God:
Gold:   179        SH:  0    Dex: 11    Spells: 6/6 levels left

rFire    . . .     SeeInvis .   a - +0 flail
rCold    + . .     Gourm    .   (no shield)
rNeg     . . .     Faith    .   b - +0 leather armour
rPois    .         Spirit   .   c - +1 hat
rElec    .         Reflect  .   (no cloak)
rCorr    .         Harm     .   (no gloves)
MR       .....                  (no boots)
Stlth    +.........             (no amulet)
HPRegen  0.18/turn              i - ring of protection from cold
MPRegen  0.10/turn              (no ring)

@: lethally poisoned (0 -> -2)
A: retaliatory headbutt, horns 2
a: no special abilities


You were on level 5 of the Dungeon.
You were hungry.

You visited 1 branch of the dungeon, and saw 5 of its levels.

You collected 179 gold pieces.

Inventory:

Hand Weapons
 a - a +0 flail (weapon)
Missiles
 d - 3 throwing nets (quivered)
Armour
 b - a +0 leather armour (worn)
 c - a +1 hat (worn)
Jewellery
 i - a ring of protection from cold (left hand)
Wands
 l - a wand of random effects (20)
 m - a wand of scattershot (4)
Scrolls
 e - 2 scrolls of amnesia
 g - 5 scrolls of identify
 h - a scroll of remove curse
Potions
 k - a potion of invisibility
Comestibles
 f - 6 rations
 j - a chunk of flesh


   Skills:
 - Level 2.4 Fighting
 + Level 10.3 Maces & Flails
 - Level 2.0 Throwing
 - Level 3.2 Dodging


You had 6 spell levels left.
You didn't know any spells.
Your spell library was empty.

Dungeon Overview and Level Annotations

Branches:
Dungeon (5/15)
 Temple: D:4-7

Altars:
Nemelex Xobeh


Innate Abilities, Weirdness & Mutations

You reflexively headbutt those who attack you in melee.
You have a pair of horns on your head.


Message History

* * * LOW HITPOINT WARNING * * *
You thump the crimson imp!
You kill the crimson imp!
Something hits you.
* * * LOW HITPOINT WARNING * * *
You barely miss something.
* * * LOW HITPOINT WARNING * * *
You feel sick. Something hits you but does no damage.
You completely miss something. Something hits you but does no damage.
You barely miss something.
* * * LOW HITPOINT WARNING * * *
You feel sick. Something hits you but does no damage.
You hit something. You barely miss something.
An orc wizard appears from thin air!
Reactivating autopickup.
The orc wizard casts a spell.
The orc wizard flickers and vanishes!
Deactivating autopickup; reactivate with Ctrl-A.
You hit something.
You die...

###### #....#
##########....#
........##....#####
#######.##........#
#.##......@.#
#.##.....?{.#####
#######...>............
.....##.#####)....#####
#....##.# #..)..#
#....##.# #...))#
#....##.# #....).......
#....##>.................
###.##...................


There were no monsters in sight!

Vanquished Creatures
  A phantom (D:5)
  An ogre (D:4)
  3 scorpions
  A crimson imp (D:5)
  4 hounds (D:4)
  An orc wizard (D:5)
  An iguana (D:4)
  A worker ant (D:4)
  A hound skeleton (D:4)
  5 adders
  An adder skeleton (D:4)
  2 worms
  2 dart slugs
  7 leopard geckos
  6 orcs
  3 giant cockroaches
  6 goblins
  6 hobgoblins
  6 jackals
  3 quokkas
  A ball python (D:3)
  7 bats
  2 frilled lizards
  7 kobolds
  11 rats
89 creatures vanquished.

Notes
Turn   | Place    | Note
-------+----------+-------------------------------------------
     0 | D:1      | Curus the Minotaur Gladiator began the quest for the Orb.
     0 | D:1      | Reached XP level 1. HP: 18/18 MP: 0/0
    47 | D:1      | Reached skill level 4 in Maces & Flails
   103 | D:1      | Reached XP level 2. HP: 17/25 MP: 1/1
   872 | D:2      | Reached skill level 5 in Maces & Flails
   874 | D:2      | Reached XP level 3. HP: 30/30 MP: 2/2
  1390 | D:3      | Reached skill level 6 in Maces & Flails
  1390 | D:3      | Reached XP level 4. HP: 34/37 MP: 3/3
  2024 | D:4      | Reached skill level 7 in Maces & Flails
  2024 | D:4      | Reached XP level 5. HP: 19/42 MP: 4/4
  2291 | D:4      | Reached skill level 8 in Maces & Flails
  2423 | D:4      | Reached XP level 6. HP: 22/50 MP: 5/5
  2840 | D:4      | Reached skill level 9 in Maces & Flails
  3002 | D:4      | Found a sparkling altar of Nemelex Xobeh.
  3127 | D:5      | Entered Level 5 of the Dungeon
  3171 | D:5      | Reached XP level 7. HP: 48/56 MP: 6/6
  3198 | D:5      | Reached skill level 10 in Maces & Flails
  3229 | D:5      | HP: 2/56 [something (1)]
  3235 | D:5      | Succumbed to a scorpion's poison

Levels and vault maps discovered:
D:1:      minmay_arrival_four_loops, layout_basic
D:2:      layout_loops_ring
D:3:      layout_rooms, item_on_display_a
D:4:      layout_basic, nemelex_altar_shiori
D:5:      layout_basic, lemuel_crystal_altar, lemuel_round_altar,
          lightli_temple_of_fire, first_ration

Skill      XL: |  1  2  3  4  5  6  7 |
---------------+----------------------+-----
Maces & Flails | 4 5 6 7 8 9 10 | 10.3
Fighting       | |  2.4
Throwing       | |  2.0
Dodging        | |  3.2

Action                   |  1- 3 |  4- 6 |  7- 9 || total
-------------------------+-------+-------+-------++-------
Melee: Flail             |    91 |   112 |    42 ||   245
       Headbutt          |    11 |    16 |     3 ||    30
  Use: Scroll            |     3 |     5 |       ||     8
       Potion            |     4 |     2 |       ||     6
 Stab: Sleeping          |       |     1 |       ||     1
  Eat: Chunk             |     2 |     5 |       ||     7
Armor: Leather armour    |    23 |    18 |    13 ||    54
Dodge: Dodged            |    61 |    64 |    21 ||   146
